 Dungeon Crawl Stone Soup version 0.20-a0-1040-gfd09691 (webtiles) character file.

64234 Alarkh the Martial Artist (level 14, -24/111 HPs)
             Began as a Demonspawn Transmuter on Apr 22, 2017.
             Was a High Priest of Okawaru.
             Killed from afar by a deep elf mage (31 damage)
             ... with a shard of ice
             ... on level 11 of the Dungeon on Apr 23, 2017.
             The game lasted 01:02:14 (40042 turns).

Alarkh the Martial Artist (Demonspawn Transmuter)  Turns: 40042, Time: 01:02:15

Health: -24/111    AC: 10    Str: 12    XL:     14   Next: 71%
Magic:  0/26       EV: 21    Int: 19    God:    Okawaru [*****.]
Gold:   1298       SH:  0    Dex: 13    Spells: 19/29 levels left

rFire    . . .     SeeInvis .     - Unarmed
rCold    . . .     Gourm    .   (no shield)
rNeg     . . .     Faith    .   k - +0 troll leather armour
rPois    .         Spirit   +   w - +0 hat
rElec    .         Reflect  .   G - +0 cloak
rCorr    .         Harm     .   b - +1 pair of gloves
MR       ++...                  (no boots)
Stlth    +++++.....             g - amulet of guardian spirit
Regen    0.7/turn               l - ring of protection from magic
MPRegen  0.2/turn               Z - ring of stealth

@: heroism
A: hooves 2, nightstalker 2, spiny 1, sturdy frame 2
a: Heroism, Finesse, Renounce Religion


You were on level 11 of the Dungeon.
You worshipped Okawaru.
Okawaru was extremely pleased with you.
You were hungry.

You visited 4 branches of the dungeon, and saw 19 of its levels.
You also visited: Sewer.

You collected 1298 gold pieces.

Inventory:

Missiles
 a - 139 arrows
Armour
 b - a +1 pair of gloves (worn)
 i - +2 shadow dragon scales
 k - a +0 troll leather armour (worn)
 w - a +0 hat (worn)
 G - a +0 cloak (worn)
 I - +0 acid dragon scales
Jewellery
 c - an uncursed amulet of harm
 g - an amulet of guardian spirit (around neck)
 l - a ring of protection from magic (left hand)
 u - an uncursed amulet of magic regeneration
 Z - a ring of stealth (right hand)
Wands
 x - a wand of confusion (31/48)
 y - a wand of iceblast (11/15)
 M - a wand of acid (0/15)
 Q - a wand of paralysis (7/24)
Scrolls
 e - a scroll of identify
 f - 4 scrolls of blinking
 j - 4 scrolls of amnesia
 q - 3 scrolls of fog
 r - a scroll of brand weapon {unknown}
 s - 11 scrolls of remove curse
 t - 12 scrolls of teleportation
 E - 3 scrolls of magic mapping
 N - a scroll of summoning
 R - a scroll of recharging
 V - a scroll of noise
Potions
 m - 3 potions of might
 n - a potion of agility {unknown}
 A - 3 potions of haste
 B - a potion of resistance
 H - 4 potions of heal wounds
 J - a potion of invisibility
 O - 4 potions of flight
 W - 3 potions of curing
 Y - 2 potions of cancellation
Books
 h - a book of Frost

   Spells                             Type                      Level
   a - Freeze                         Ice                          1
   b - Throw Frost                    Conjuration/Ice              2
   c - Ozocubu's Armour               Charms/Ice                   3
   d - Throw Icicle                   Conjuration/Ice              4
   e - Summon Ice Beast               Ice/Summoning                4
Miscellaneous
 U - a lightning rod (4/4)
Comestibles
 d - 11 bread rations
 o - 3 meat rations
 p - 6 chunks of flesh


   Skills:
 + Level 10.9(15.9) Fighting
 + Level 7.2(12.2) Armour
 + Level 10.4(15.4) Dodging
 * Level 13.9(18.9) Unarmed Combat
 - Level 8.0 Spellcasting
 - Level 8.0 Transmutations
 + Level 6.9 Invocations


You had 19 spell levels left.
You knew the following spells:

 Your Spells              Type           Power        Failure   Level  Hunger
a - Spider Form           Tmut/Pois      ###.......   5%          3    None
b - Beastly Appendage     Tmut           #####.       1%          1    None
c - Sticks to Snakes      Tmut           #####...     1%          2    None
d - Ice Form              Ice/Tmut       ###.....     17%         4    ###....


Dungeon Overview and Level Annotations

Branches:
Dungeon (11/15)            Temple (1/1) D:7            Lair (6/6) D:8
 Shoals (0/4) Lair:3        Snake (0/4) Lair:2        Slime (0/5) Lair:5
    Orc (1/2) D:10

Altars:
Ashenzari
Cheibriados
Dithmenos
Elyvilon
Fedhas
Gozag
Hepliaklqana
Kikubaaqudgha
Makhleb
Nemelex Xobeh
Okawaru
Qazlal
Ru
Sif Muna
Trog
Uskayaw
Vehumet
Wu Jian
Xom
Yredelemnul
Zin
The Shining One
Jiyva

Shops:
D:4 (   D:11 *

Annotations:
D:2 exclusion: oklob plant


Innate Abilities, Weirdness & Mutations

You have hoof-like feet.
You are significantly more attuned to the shadows.
You are partially covered in sharp spines.
Your movements are less encumbered by armour. (ER -4)


Message History

You barely miss the deep elf mage. Your kick misses the deep elf mage.
The deep elf mage gestures at you while chanting.
The bolt of cold hits you!
* * * LOW HITPOINT WARNING * * *
You hear a shout!
You punch the deep elf mage! You kick the deep elf mage.
The deep elf mage is moderately wounded.
The deep elf mage casts a spell at you. The shard of ice hits you!
* * * LOW HITPOINT WARNING * * *
You hear a shout!
You barely miss the deep elf mage.
The deep elf mage is moderately wounded.
A leopard gecko comes into view.
You hit the deep elf mage. Your punch misses the deep elf mage.
The deep elf mage is moderately wounded.
The deep elf mage moves out of view.
The deep elf mage gestures at you while chanting.
The shard of ice hits you!
You die...

. . . #..l≈#. .>....
#..≈≈e .≈≈.......
#..ee# #≈≈.......
#..e≈######≈≈.......
#..§≈≈≈≈≈≈≈≈≈.......
#..@e≈≈≈≈≈≈≈........
#...)..............#
#..............#####
################


You could see 5 deep elf magi and a leopard gecko.

Vanquished Creatures
  Rupert (Lair:4)
  The ghost of Gorglomux the Warrior, a journeyman OgWz of Okawaru (D:11)
  5 hydras
  A two-headed ogre (D:11)
  11 death yaks
  An iron troll (D:10)
  4 deep trolls (D:10)
  A lindwurm (Lair:4)
  5 oklob plants
  An orc knight (D:10)
  A deep elf mage (D:11)
  A merfolk siren (Lair:3)
  10 elephants
  5 black mambas
  7 spiny frogs
  2 torpor snails (Lair:6)
  5 rime drakes
  11 komodo dragons
  6 hornets (Lair:6)
  4 polar bears
  8 trolls
  9 dream sheep
  20 blink frogs
  9 hippogriffs
  13 spriggans
  2 water elementals
  43 yaks
  A wyvern (D:8)
  2 basilisks
  A hungry ghost (D:10)
  A warg (D:10)
  10 water moccasins
  15 porcupines
  An acid dragon (D:6)
  7 black bears
  An ice beast (D:6)
  13 orc warriors
  A sky beast (D:6)
  A phantom (D:7)
  A necrophage (D:10)
  5 ogres
  An eye of draining (D:8)
  3 boggarts (Lair:6)
  17 crocodiles
  25 wolves
  2 centaurs
  5 big kobolds
  12 bullfrogs
  A wyvern zombie (D:6)
  3 scorpions
  A killer bee (D:10)
  4 wights (D:10)
  4 howler monkeys
  5 electric eels
  10 crimson imps
  3 bullfrog zombies
  A centaur zombie (D:10)
  A quasit (D:10)
  3 jellies
  4 hounds
  7 orc priests
  11 orc wizards
  A centaur skeleton (D:5)
  An iron imp (D:7)
  3 bullfrog skeletons
  3 iguanas
  9 worker ants
  A hound zombie (D:10)
  2 hound skeletons
  2 worker ant zombies
  A gnoll (D:4)
  A river rat (Sewer)
  12 adders
  A shadow imp (D:7)
  4 oozes
  2 adder zombies (D:9)
  An adder skeleton (D:4)
  3 worms
  A dart slug (D:3)
  5 leopard geckos
  55 orcs
  5 ball pythons
  7 giant cockroaches
  10 goblins
  11 hobgoblins
  20 jackals
  3 quokkas
  15 bats
  6 frilled lizards
  17 kobolds
  14 rats
586 creatures vanquished.

Vanquished Creatures (collateral kills)
  2 ogres
  A scorpion (D:4)
  A bullfrog zombie (D:6)
  An orc priest (D:4)
  An iguana (D:3)
  2 gnolls (D:4)
  A leopard gecko (D:4)
  6 orcs
  A giant cockroach (D:4)
  2 hobgoblins
18 creatures vanquished.

Vanquished Creatures (others)
  20 fungi
  23 plants
43 creatures vanquished.

Grand Total: 647 creatures vanquished

Notes
Turn   | Place    | Note
-------+----------+-------------------------------------------
     0 | D:1      | Alarkh the Demonspawn Transmuter began the quest for the Orb.
     0 | D:1      | Reached XP level 1. HP: 15/15 MP: 3/3
   565 | D:2      | Gained mutation: You are slightly more attuned to the shadows. [demonic ancestry]
   565 | D:2      | Reached XP level 2. HP: 21/21 MP: 5/5
   611 | D:2      | Reached skill level 3 in Unarmed Combat
  1096 | D:1      | Found a sparkling altar of Nemelex Xobeh.
  1297 | D:1      | HP: 1/21 [hobgoblin/club (5)]
  1684 | D:1      | Reached XP level 3. HP: 27/27 MP: 6/6
  1801 | D:1      | Learned a level 2 spell: Sticks to Snakes
  1805 | D:1      | Learned a level 3 spell: Spider Form
  2663 | D:2      | Gained mutation: Your movements are slightly less encumbered by armour. (ER -2) [demonic ancestry]
  2663 | D:2      | Reached XP level 4. HP: 31/33 MP: 0/7
  3219 | D:2      | Found a blossoming altar of Fedhas.
  3233 | D:2      | Noticed an oklob plant
  3751 | D:3      | HP: 1/33 [orc wizard/magic dart (10)]
  4043 | D:3      | Reached skill level 4 in Unarmed Combat
  4246 | D:3      | Reached XP level 5. HP: 35/39 MP: 8/8
  5747 | D:4      | Reached XP level 6. HP: 24/47 MP: 5/9
  6236 | D:4      | Reached skill level 5 in Unarmed Combat
  6289 | D:4      | Found Wuyw's Weapon Boutique.
  6878 | D:4      | Found an ornate altar of the Wu Jian Council.
  6971 | D:4      | Found a shadowy altar of Dithmenos.
  6971 | D:4      | Found an opulent altar of Gozag.
  6975 | D:4      | Found a shattered altar of Ashenzari.
  7021 | D:5      | Entered Level 5 of the Dungeon
  7052 | D:4      | Gained mutation: You have large cloven feet. [demonic ancestry]
  7052 | D:4      | Reached XP level 7. HP: 28/53 MP: 10/10
  8027 | D:5      | Learned a level 4 spell: Ice Form
  8091 | D:5      | Reached skill level 6 in Unarmed Combat
  8897 | D:6      | Found an iron altar of Okawaru.
  8940 | D:6      | Became a worshipper of Warmaster Okawaru
  9105 | D:6      | Found a glowing drain.
  9109 | Sewer    | Entered a sewer
  9172 | Sewer    | Gained mutation: Your movements are less encumbered by armour. (ER -4) [demonic ancestry]
  9172 | Sewer    | Reached XP level 8. HP: 51/61 MP: 11/11
 10536 | D:6      | Reached skill level 5 in Fighting
 10536 | D:6      | Reached skill level 7 in Unarmed Combat
 11177 | D:6      | Reached * piety under Okawaru
 11216 | D:6      | Reached skill level 5 in Dodging
 11435 | D:6      | Reached XP level 9. HP: 42/68 MP: 14/14
 12653 | D:7      | Reached ** piety under Okawaru
 12653 | D:7      | Reached skill level 8 in Unarmed Combat
 12898 | D:7      | Found a glowing silver altar of Zin.
 13024 | D:7      | Found a staircase to the Ecumenical Temple.
 13126 | Temple   | Entered the Ecumenical Temple
 13594 | D:7      | Found a snail-covered altar of Cheibriados.
 13989 | D:8      | Found a bloodstained altar of Trog.
 14669 | D:8      | Found a staircase to the Lair.
 14782 | D:8      | Noticed a komodo dragon
 15552 | D:8      | Reached *** piety under Okawaru
 15672 | D:8      | Reached XP level 10. HP: 74/76 MP: 16/16
 15943 | D:9      | Reached skill level 9 in Unarmed Combat
 16094 | D:9      | Found a burning altar of Makhleb.
 16193 | D:9      | Found a hide-covered altar of Uskayaw.
 16202 | D:9      | Found a blossoming altar of Fedhas.
 16205 | D:9      | Found a sacrificial altar of Ru.
 16217 | D:9      | Found a radiant altar of Vehumet.
 16833 | Lair:1   | Entered Level 1 of the Lair of Beasts
 16847 | Lair:1   | Reached skill level 5 in Spellcasting
 16847 | Lair:1   | Reached skill level 5 in Transmutations
 16859 | Lair:1   | Reached **** piety under Okawaru
 18395 | Lair:2   | Noticed a spiny frog
 18404 | Lair:2   | Killed a spiny frog
 19340 | Lair:2   | Reached skill level 10 in Unarmed Combat
 19628 | Lair:2   | Found a staircase to the Snake Pit.
 19729 | Lair:2   | Noticed an eight-headed hydra
 19734 | Lair:2   | Killed an eight-headed hydra
 19734 | Lair:2   | Reached ***** piety under Okawaru
 19734 | Lair:2   | Gained mutation: You have hoof-like feet. [demonic ancestry]
 19734 | Lair:2   | Reached XP level 11. HP: 84/84 MP: 19/19
 20781 | Lair:3   | HP: 3/84 [yak (13)]
 21804 | Lair:3   | Reached skill level 1 in Armour
 22096 | Lair:3   | Found a staircase to the Shoals.
 22193 | Lair:3   | Noticed a death yak
 22194 | Lair:3   | Noticed a death yak
 22194 | Lair:3   | Noticed a death yak
 22195 | Lair:3   | Noticed a death yak
 22207 | Lair:3   | Noticed a death yak
 22212 | Lair:3   | Killed a death yak
 22212 | Lair:3   | Received a gift from Okawaru
 22252 | Lair:3   | Killed a death yak
 23007 | Lair:3   | Killed a death yak
 23046 | Lair:3   | Killed a death yak
 23046 | Lair:3   | Reached ****** piety under Okawaru
 23046 | Lair:3   | Reached skill level 11 in Unarmed Combat
 23399 | Lair:3   | Killed a death yak
 23723 | Lair:4   | Noticed a four-headed hydra
 24126 | Lair:4   | Reached XP level 12. HP: 67/94 MP: 22/22
 24874 | Lair:3   | Killed a four-headed hydra
 25068 | Lair:4   | Noticed a death yak
 25092 | Lair:4   | Killed a death yak
 25925 | Lair:3   | Received a gift from Okawaru
 26452 | Lair:4   | Noticed Rupert
 27818 | Lair:4   | Killed Rupert
 27818 | Lair:4   | Reached skill level 12 in Unarmed Combat
 28224 | Lair:4   | Gained mutation: You are significantly more attuned to the shadows. [demonic ancestry]
 28224 | Lair:4   | Reached XP level 13. HP: 98/101 MP: 24/24
 28739 | Lair:5   | Received a gift from Okawaru
 30824 | Lair:5   | Reached skill level 5 in Armour
 30824 | Lair:5   | Reached skill level 1 in Invocations
 31012 | Lair:5   | Found a viscous altar of Jiyva.
 31012 | Lair:5   | Found a staircase to the Slime Pits.
 31123 | Lair:5   | Received a gift from Okawaru
 31865 | Lair:6   | Entered Level 6 of the Lair of Beasts
 32475 | Lair:6   | Reached skill level 10 in Fighting
 33207 | Lair:6   | Received a gift from Okawaru
 33526 | Lair:6   | Reached skill level 13 in Unarmed Combat
 34309 | Lair:6   | Gained mutation: You are partially covered in sharp spines. [demonic ancestry]
 34309 | Lair:6   | Reached XP level 14. HP: 31/111 MP: 19/26
 34594 | Lair:6   | Upgraded the game from 0.20-a0-1039-gf554463 to 0.20-a0-1040-gfd09691
 34844 | Lair:6   | Reached skill level 5 in Invocations
 35824 | Lair:6   | Received a gift from Okawaru
 36298 | Lair:3   | Reached skill level 10 in Dodging
 37004 | D:10     | Entered Level 10 of the Dungeon
 37060 | D:10     | Found a staircase to the Orcish Mines.
 37072 | Orc:1    | Entered Level 1 of the Orcish Mines
 39597 | D:11     | Found Wugysaemp's Assorted Antiques.
 39733 | D:11     | Noticed Gorglomux's ghost (journeyman OgWz)
 39781 | D:11     | Killed Gorglomux's ghost
 39781 | D:11     | Received a gift from Okawaru
 40042 | D:11     | Killed from afar by a deep elf mage

Vault maps used:
D:1:      ncdulo_halloftheorcs, nemelex_xobeh_ov_fountains_minmay
D:2:      tgw_fedhas
D:3:      first_bread, feat_on_display
D:4:      lemuel_coloured_pillars_altar, minitemple, serial_shops,
          nicolae_shop_behind_doors
D:6:      gup_sewer_entry_bowl, kennysheep_okawaru_gauntlet
D:7:      slow_altar_2, minmay_temple_entry_enclosed_plants, basic_altar,
          hex_large
D:8:      overflow_temple_1_default, david_lair_shrubbed, special_room
D:9:      bloody_makhleb, grunt_temple_overflow_cloverleaf,
          kennysheep_decorative_pillar, the_bakery, hangedman_decor_opposing
D:10:     lemuel_troll_bridge, orc_0_dummy, serial_undead, serial_undead_d,
          serial_undead_b, serial_undead_f, serial_undead_c
D:11:     serial_shops, kennysheep_mini, elves_outpost_lemuel
Temple:   minmay_temple_curvy_loop
Lair:2:   dummy_snake_entry, beast_lair_carwin_4, lemuel_fruit_tree,
          grunt_megastairs_5
Lair:3:   elwin_shoals_entry_rooms
Lair:4:   minmay_lair_oklob_chamber, grunt_megastairs_4, uniq_rupert
Lair:5:   dpeg_slime_entry_enclosed_altar, beast_lair_carwin_10
Lair:6:   minmay_lair_end_enchanted_forest, serial_bayou_shore_b
Sewer:    sewer_co_15_rooms

Skill      XL: |  1  2  3  4  5  6  7  8  9 10 11 12 13 14 |
---------------+-------------------------------------------+-----
Unarmed Combat | 3 4 5 6 7 8 10 11 12 13 | 13.9
Dodging        | 2 3 4 5 6 7 8 9 10 | 10.4
Fighting       | 2 3 4 5 6 7 8 9 10 | 10.9
Transmutations | 2 3 4 5 6 7 8 |  8.0
Spellcasting   | 3 4 5 6 7 8 |  8.0
Armour         | 2 4 6 7 |  7.2
Invocations    | 4 6 |  6.9

Action                   |  1- 3 |  4- 6 |  7- 9 | 10-12 | 13-15 || total
-------------------------+-------+-------+-------+-------+-------++-------
Melee: Unarmed           |   202 |   278 |   689 |   743 |  1051 ||  2963
       Punch             |     5 |     5 |    12 |     9 |    49 ||    80
       Kick              |     4 |       |   147 |    84 |   178 ||   413
       Headbutt          |     1 |       |       |       |       ||     1
 Cast: Beastly Appendage |     6 |       |       |       |       ||     6
       Sticks to Snakes  |     2 |    41 |    17 |    16 |       ||    76
       Spider Form       |     1 |       |    12 |    41 |    30 ||    84
       Ice Form          |       |       |     1 |     7 |     3 ||    11
Invok: Heroism           |       |       |       |     1 |    22 ||    23
Evoke: Lightning rod     |       |       |       |     4 |     4 ||     8
       Wand              |       |       |       |       |     2 ||     2
  Use: Potion            |     5 |       |     3 |     1 |     5 ||    14
       Scroll            |     1 |    11 |     4 |    10 |     7 ||    33
 Stab: Sleeping          |     5 |     5 |     2 |     4 |    18 ||    34
       Distracted        |     1 |     4 |     1 |       |     3 ||     9
       Invisible         |       |       |       |       |     5 ||     5
  Eat: Chunk             |     6 |    15 |    14 |    29 |    34 ||    98
       Royal jelly       |       |     1 |       |       |       ||     1
       Meat ration       |       |       |     4 |     2 |       ||     6
       Fruit             |       |       |       |     4 |     1 ||     5
       Bread ration      |       |       |       |       |     1 ||     1
Armor: Robe              |    65 |    31 |       |       |       ||    96
       Ring mail         |       |    53 |    89 |       |       ||   142
       Skin              |       |       |     2 |     8 |    12 ||    22
       Acid dragon scale |       |       |    50 |    67 |    85 ||   202
       Shadow dragon sca |       |       |       |       |   102 ||   102
       Troll leather arm |       |       |       |       |    12 ||    12
Dodge: Dodged            |   163 |   218 |   390 |   582 |   755 ||  2108
